Map: Одиссея РВ

Players

ИИ 1 (ученик) - Winner!

  • Race: Terran Terran
  • Spawn Location: 5:00

Doll

  • Race: Zerg Zerg
  • Spawn Location: 11:00

VOD

Have the link to the VOD?

Description

Time

  • Played on: Sept. 22, 2022, 9:14 a.m.
  • Length: 7:20
Show
View Real Time Build Order
Export as new Build Order

ИИ 1 (ученик) Terran - Winner!

Build Orders: Cyclone Opening 

Get SALT Encoding   

  12  0:00  SCV  
  13  0:13  SCV  
  14  0:19  Supply Depot  
  14  0:25  SCV  
  15  0:40  SCV  
  16  0:44  Barracks  
  16  0:46  Refinery  
  16  0:53  SCV  
  16  0:55  Refinery  
  17  1:05  SCV  
  18  1:17  SCV  
  19  1:31  Marine  
  20  1:33  Supply Depot, Orbital Command  
  20  1:47  Factory  
  20  1:49  Reaper  
  21  1:59  SCV  
  22  2:11  SCV  
  23  2:21  Marine  
  24  2:23  SCV  
  25  2:31  Command Center  
  25  2:35  SCV  
  26  2:39  Factory Tech Lab  
  26  2:43  Barracks Reactor  
  26  2:47  SCV  
  27  2:56  Supply Depot  
  27  2:59  SCV, Cyclone  
  31  3:11  SCV  
  31  3:16  Starport  
  31  3:23  SCV  
  32  3:32  Factory  
  32  3:35  SCV  
  32  3:40  Siege Tank  
  36  3:47  SCV  
  37  3:50  SCV  
  37  3:51  Bunker  
  37  3:53  Medivac  
  40  4:00  SCV, Refinery  
  40  4:02  SCV  
  42  4:05  Marine  
  42  4:06  Marine  
  43  4:12  SCV  
  36  4:22  SCV  
  36  4:23  Marine  
  28  4:35  SCV  
  25  4:48  SCV  
  26  4:57  Reaper  
  27  5:00  SCV  
  28  5:12  SCV  
  26  5:25  SCV  
  27  5:37  SCV  
  28  5:44  Marine, Cyclone  
  28  5:47  Supply Depot  
  28  5:49  SCV  
  33  6:06  SCV, Starport Tech Lab, Factory Tech Lab  
  34  6:17  Siege Tank  
  37  6:24  SCV, Marine x2  
  37  6:25  Siege Tank  
  42  6:27  Barracks  
  42  6:48  Viking, SCV, Marine x2  
  42  6:49  Supply Depot  
  42  6:51  Supply Depot  
  47  7:15  Barracks Tech Lab  
Show
View Real Time Build Order
Export as new Build Order

Doll Zerg 

Build Orders: Hatch First 

Get SALT Encoding   

  12  0:00  Drone  
  13  0:13  Overlord  
  13  0:18  Drone  
  14  0:32  Drone x2  
  17  0:35  Drone  
  17  0:54  Hatchery  
  17  0:56  Drone  
  17  1:00  Extractor  
  17  1:01  Drone  
  17  1:19  Drone  
  17  1:20  Spawning Pool  
  17  1:23  Drone  
  18  1:29  Drone  
  19  1:50  Overlord  
  19  2:09  Drone  
  19  2:10  Queen x2  
  19  2:12  Zergling x2  
  25  2:17  Zergling x2  
  26  2:23  Drone  
  26  2:24  Metabolic Boost  
  26  2:28  Drone  
  28  2:34  Drone  
  29  2:38  Drone  
  29  2:43  Spine Crawler  
  29  2:49  Drone x2  
  31  2:54  Drone  
  31  2:58  Queen  
  32  3:01  Overlord  
  34  3:15  Zergling x4  
  34  3:17  Overlord  
  36  3:20  Zergling x8  
  36  3:24  Zergling x4  
  36  3:26  Zergling x2  
  43  3:32  Zergling x2  
  44  3:37  Zergling x2  
  45  3:52  Drone x2  
  45  3:53  Drone  
  45  3:54  Hatchery  
  47  3:56  Drone x2  
  47  4:00  Extractor  
  48  4:03  Drone  
  48  4:04  Drone  
  48  4:07  Overlord  
  50  4:16  Lair  
  38  5:30  Overlord  
  38  5:32  Drone  
  38  5:33  Drone  
  38  5:34  Drone  
  42  5:35  Drone  
  42  5:36  Drone  
  42  5:38  Overseer  
  42  5:39  Overseer  
  43  5:46  Roach Warren, Drone  
  43  5:47  Drone x4  
  43  5:49  Overlord  
  47  5:52  Zergling x2  
  47  5:53  Zergling x4  
  47  5:54  Queen  
  52  5:59  Zergling x4  
  52  6:03  Drone  
  55  6:09  Zergling x4  
  57  6:16  Zergling x2  
  58  6:19  Zergling x2  
  58  6:20  Zergling x2  
  58  6:24  Extractor  
  58  6:27  Zergling x4  
  58  6:28  Zergling x4  
  58  6:29  Pneumatized Carapace, Extractor  
  61  6:33  Queen  
  61  6:36  Drone x2  
  61  6:37  Drone  
  66  6:43  Spine Crawler  
  66  6:46  Zergling x10  
  71  6:47  Zergling x2  
  71  6:53  Zergling x2  
  72  6:56  Overlord  
  72  6:58  Zergling x2  
  75  7:03  Zergling x8  
Tags
 
Add a new tag
Caveats
  • Supply blocks, unpowered buildings, or Contaminate may cause inaccurate times.
  • Supply counts are checked every 10 seconds.